 Dungeon Crawl Stone Soup version 0.15-a0-33-ga435e27 (webtiles) character file.

1305 Malachi the Shield-Bearer (level 8, -10/42 HPs)
             Began as a Vine Stalker Fighter on Apr 1, 2014.
             Was a Follower of Makhleb.
             Mangled by a goliath beetle (19 damage)
             ... on Level 5 of the Dungeon.
             The game lasted 00:09:29 (3728 turns).

Malachi the Shield-Bearer (Vine Stalker Fighter)    Turns: 3728, Time: 00:09:30

HP -10/42        AC 14     Str 20      XL: 8   Next: 30%
MP   0/4         EV  2     Int  8      God: Makhleb [*.....]
Gold 221         SH 18     Dex 15      Spells:  0 memorised,  7 levels left

rFire  . . .     SeeInvis .     b - +2,+1 war axe (antimagic)
rCold  + + .     Clarity  .     w - +2 plate armour
rNeg   . . .     Conserve .     l - +0 shield
rPois  .         rCorr    .     y - +0 helmet
rElec  .         rRot     +     j - +0 cloak
SustAb . .       Spirit   +     (no gloves)
rMut   .         Warding  .     (no boots)
Saprov . . .     Stasis   .     (no amulet)
MR     +....                    r - ring of protection from cold
                                v - ring of protection from cold

@: very heavily drained, somewhat resistant to hostile enchantments, extremely
unstealthy
A: fangs 3, regeneration 2, magic shield, antimagic bite, no device heal
a: Renounce Religion


You were on level 5 of the Dungeon.
You worshipped Makhleb.
Makhleb was aware of your devotion.
You were not hungry.

You visited 2 branches of the dungeon, and saw 7 of its levels.

You collected 221 gold pieces.

Inventory:

Hand weapons
 a - a +0,+0 war axe
 b - a +2,+1 anti-magic war axe (weapon)
Armour
 c - a +0 shield
 j - a +0 cloak (worn)
 l - a +0 shield (worn)
 w - a +2 plate armour (worn)
 y - a +0 helmet (worn)
Magical devices
 q - a wand of frost (18) {unknown}
 x - a wand of fire (8) {unknown}
Comestibles
 d - 5 bread rations
 n - 2 meat rations
 p - an apple
 C - a rotting chunk of hound flesh
 D - a rambutan
 F - 4 chunks of jackal flesh
Scrolls
 k - 3 scrolls of remove curse
 s - a scroll of blinking {unknown}
 t - 4 scrolls of magic mapping {unknown}
 u - 2 scrolls of noise
 A - 2 scrolls of identify
 E - a scroll of fog
Jewellery
 f - an uncursed amulet of guardian spirit
 m - an uncursed ring of sustain abilities {unknown}
 r - a ring of protection from cold (right hand)
 v - a ring of protection from cold (left hand)
 B - an uncursed ring of protection from fire {unknown}
Potions
 e - 2 potions of might
 g - a potion of flight {unknown}
 h - a potion of cure mutation {unknown}
 i - a potion of confusion {unknown}
 o - 2 potions of curing {unknown}
 z - a potion of resistance {unknown}


   Skills:
 + Level 3.9(0.9) Fighting
 + Level 3.9(0.9) Axes
 + Level 4.4(1.4) Armour
 + Level 2.9(0.0) Dodging
 - Level 0.3(0.0) Stealth
 + Level 4.8(1.8) Shields
 * Level 2.6(0.0) Invocations


You had 7 spell levels left.
You didn't know any spells.

Dungeon Overview and Level Annotations

Branches:
Dungeon (6/15)             Temple (1/1) D:5

Altars:
Ashenzari
Cheibriados
Dithmenos
Fedhas
Kikubaaqudgha
Makhleb
Okawaru
Sif Muna
Xom
Yredelemnul
Zin
The Shining One

Annotations:
D:5 Dowan


Innate Abilities, Weirdness & Mutations

You are immune to rotting.
You have razor-sharp teeth.
You heal very quickly.
When hurt, damage is shared between your health and your magic reserves.
Your bite disrupts and absorbs the magic of your enemies.
Potions and wands cannot restore your HP.


Message History

Dowan zaps a wand.
The puff of flame hits you! You block the goliath beetle's attack.
You block Dowan's attack.
You slash Dowan!
Dowan's magic leaks into the air.
Your bite misses Dowan.
Dowan is severely wounded.
Dowan hits you with a glowing dagger.
Dowan falters for a moment.
The goliath beetle bites you!
Dowan shakes with grief.
Dowan falters for a moment.
Your plate armour prevents you from hitting Dowan.
Dowan is severely wounded.
Dowan zaps a wand.
The puff of flame hits you!
Dowan falters for a moment.
The goliath beetle bites you but does no damage.
You hit Dowan.
Dowan's magic leaks into the air.
Dowan is severely wounded.
You block Dowan's attack. Dowan gestures at you while chanting.
The shard of ice hits you! You partially resist.
* * * LOW HITPOINT WARNING * * *
The goliath beetle bites you!
You die...

######### #.......#
#######################.#####.###
....................))..#.......#
#########################.##.##.#
......................# #.##....#
################e####+###.#######
#@#........#<.....
#######B#........####### #
#.......#........###.... #
###.####).####'###.##...#.
########...#..#..# #.# #.##...#.
#......#.###.##..####.###.##...#.
#......#.#....#...........#....#.
#......#.#.#.###>.....#####...##.
#......#.#.#.# #.###..# #..(....


You could see a goliath beetle and Dowan.

Vanquished Creatures
  An ice beast (D:5)
  An ogre (D:5)
  A phantom (D:4)
  Duvessa (D:5)
  A giant frog (D:5)
  A gnoll sergeant (D:5)
  A scorpion (D:5)
  A hound (D:5)
  4 orc wizards
  A crimson imp (D:5)
  An orc priest (D:5)
  2 worker ants (D:4)
  Terence (D:2)
  A worker ant zombie (D:6)
  8 gnolls
  8 adders
  An orc skeleton (D:5)
  A shadow imp (D:5)
  2 worms
  5 giant geckos
  10 orcs
  9 bats
  7 giant cockroaches
  13 hobgoblins
  11 kobolds
  3 quokkas
  2 ball pythons
  A giant gecko skeleton (D:4)
  3 giant newts
  A giant newt zombie (D:5)
  10 goblins
  A goblin skeleton (D:5)
  4 jackals
  10 rats
  2 ballistomycetes (D:5)
130 creatures vanquished.

Vanquished Creatures (others)
  A giant spore (D:5)
1 creature vanquished.

Grand Total: 131 creatures vanquished

Notes
Turn   | Place    | Note
--------------------------------------------------------------
     0 | D:1      | Malachi, the Vine Stalker Fighter, began the quest for the Orb.
     0 | D:1      | Reached XP level 1. HP: 11/11 MP: 1/1
   113 | D:1      | Reached XP level 2. HP: 16/16 MP: 3/3
   152 | D:1      | Reached skill level 3 in Fighting
   326 | D:1      | Reached XP level 3. HP: 18/20 MP: 4/4
   781 | D:2      | Reached XP level 4. HP: 18/24 MP: 5/5
   789 | D:2      | Reached skill level 1 in Dodging
   867 | D:2      | Noticed Terence
   872 | D:2      | Killed Terence
  1091 | D:2      | Reached XP level 5. HP: 28/28 MP: 7/7
  2147 | D:4      | Noticed a phantom
  2186 | D:4      | Killed a phantom
  2186 | D:4      | Gained mutation: You heal very quickly. [vine stalker growth]
  2186 | D:4      | Reached XP level 6. HP: 22/32 MP: 2/8
  2619 | D:5      | Entered Level 5 of the Dungeon
  2881 | D:5      | Reached skill level 4 in Shields
  2881 | D:5      | Reached XP level 7. HP: 31/36 MP: 3/9
  2882 | D:5      | Found a staircase to the Ecumenical Temple.
  2940 | Temple   | Entered the Ecumenical Temple
  3010 | Temple   | Became a worshipper of Makhleb the Destroyer
  3210 | D:5      | Reached skill level 1 in Invocations
  3371 | D:5      | Gained mutation: You have razor-sharp teeth. [vine stalker growth]
  3371 | D:5      | Reached XP level 8. HP: 34/42 MP: 4/13
  3375 | D:5      | Acquired Makhleb's first power
  3599 | D:5      | Found a shadowy altar of Dithmenos.
  3608 | D:6      | Noticed Duvessa
  3608 | D:6      | Noticed Dowan
  3722 | D:5      | Killed Duvessa
  3728 | D:5      | Mangled by a goliath beetle

Action                   |  1- 3 |  4- 6 |  7- 9 || total
-------------------------+-------+-------+-------++-------
Melee: War axe           |    90 |   165 |   121 ||   376
  Use: Scroll            |       |     7 |       ||     7
